 Dungeon Crawl Stone Soup version 0.27-a0-668-gb5737ff2c0 (webtiles) character file.

Game seed: 7952906149810491024

36 theanonym the Sneak (level 3, -5/29 HPs)
             Began as a Mummy Delver on Mar 17, 2021.
             Slain by an ogre
             ... wielding a +0 giant club
              (14 damage)
             ... on level 5 of the Dungeon.
             The game lasted 00:01:17 (569 turns).

theanonym the Sneak (Mummy Delver)                   Turns: 569, Time: 00:01:18

Health: -5/29      AC:  3    Str: 16    XL:     3   Next: 19%
Magic:  3/3        EV: 11    Int:  9    God:
Gold:   16         SH:  0    Dex: 13    Spells: 2/2 levels left

rFire    x . .     SeeInvis .   a - +0 mace
rCold    + . .     Faith    .   (no shield)
rNeg     + + +     Spirit   .   b - +0 leather armour
rPois    ∞         Reflect  .   (no helmet)
rElec    .         Harm     .   (no cloak)
rCorr    .         Rampage  .   (no gloves)
Will     .....                  (no boots)
Stlth    ++........             (no amulet)
HPRegen  0.09/turn              (no ring)
MPRegen  0.08/turn              (no ring)

@: no status effects
A: cold resistance 1, negative energy resistance 3, torment resistance 2,
unbreathing 1, heat vulnerability 1, no potions
a: no special abilities


Innate Abilities, Weirdness & Mutations

You are immune to poison.
Your flesh is cold resistant. (rC+)
You are immune to negative energy. (rN+++)
You are immune to unholy pain and torment.
You can survive without breathing.
You are vulnerable to heat. (rF-)
You do not drink.


   Skills:
 - Level 3.0 Fighting
 + Level 3.0 Maces & Flails
 - Level 1.5 Dodging
 - Level 4.1 Stealth


You had 2 spell levels left.
You didn't know any spells.
Your spell library was empty.

Skill      XL: |  1  2 |
---------------+-------+-----
Maces & Flails | 2 3 |  3.0
Fighting       | |  3.0
Dodging        | |  1.5
Stealth        | |  4.1

Action                   || total
-------------------------++-------
Melee: Mace              ||    25
 Stab: Sleeping          ||     1
Armor: Leather armour    ||     8
Dodge: Dodged            ||    21

Inventory:

Hand Weapons
 a - a +0 mace (weapon)
Armour
 b - a +0 leather armour (worn)
 g - a +0 pair of boots
Wands
 c - a wand of digging (3)
Scrolls
 d - a scroll of teleportation {unknown}
 e - a scroll of fear
 f - a scroll of fog
 h - 2 scrolls of identify {unknown}
 y - a scroll of magic mapping


You were on level 5 of the Dungeon.
You visited 1 branch of the dungeon, and saw 2 of its levels.

You collected 16 gold pieces.

Dungeon Overview and Level Annotations

Branches:
Dungeon (6/15)             Temple (0/1) D:6

Altars:
Elyvilon

Annotations:
D:5 Prince Ribbit
D:6 Grinder

.....######
..........#
#.......####.#
#....S. #.# #.#...
#.#
##..........#.#
####...o#.#....#.#
.......###..#..#S#
####....#.#.#(.#@#
#.##).....?#O# #.#
###....#o#
#.###......#†#
#o.........o.#
#.###.##...### #.#
#.##...# #.#
#.##...#
####.###.##...#


You could see an ogre, an orc priest, an adder and an orc.

Notes
Turn   | Place    | Note
-------+----------+-------------------------------------------
     0 | D:5      | theanonym the Mummy Delver began the quest for the Orb.
     0 | D:5      | Reached XP level 1. HP: 18/18 MP: 1/1
    28 | D:5      | HP: 8/18 [white imp (2)]
    34 | D:5      | Reached skill level 2 in Maces & Flails
   245 | D:5      | Noticed Prince Ribbit
   276 | D:5      | Reached XP level 2. HP: 24/24 MP: 2/2
   286 | D:5      | Reached skill level 3 in Maces & Flails
   286 | D:5      | Reached XP level 3. HP: 21/29 MP: 3/3
   548 | D:5      | HP: 13/29 [orc priest/divine providence (16)]
   557 | D:5      | HP: 13/29 [adder (1)]
   565 | D:5      | HP: 12/29 [adder (2)]
   566 | D:6      | Found a staircase to the Ecumenical Temple.
   566 | D:6      | Noticed Grinder
   566 | D:6      | Noticed an ogre
   569 | D:5      | Slain by an ogre

Vanquished Creatures
  A centaur skeleton (D:5)
  A white imp (D:5)
  An orc (D:5)
  A quokka (D:5)
4 creatures vanquished.

Table legend: (Time is in decaauts)
 A = Elapsed time spent in this place.
 B = Non-inter-level travel time spent in this place.
 C = Inter-level travel time spent in this place.
 D = Time resting spent in this place.
 E = Time spent auto-exploring this place.
 F = Levels seen in this place.
 G = Mean time per level.
                   A        B        C        D        E       F      G
               +--------+--------+--------+--------+--------+-----+--------+
         Total |    576 |    576 |      0 |    334 |     42 |   2 |  288.0 |
       Dungeon |    576 |    576 |      0 |    334 |     42 |   2 |  288.0 |
               +--------+--------+--------+--------+--------+-----+--------+

Top non-repeatable levels by time:
     D:5: 574 daAuts
     D:6: 1 daAuts
